 Dungeon Crawl Stone Soup version 0.27.1-3-gb3d3a73c9e (webtiles) character file.

Game seed: 5281749411250244034

1250 hypoxyphilia the Purveyor of Pain (level 8, -3/31 HPs)
             Began as a Vampire Necromancer on Oct 29, 2021.
             Was an Initiate of Kikubaaqudgha.
             Shot with an arrow by a centaur (9 damage)
             ... on level 10 of the Dungeon on Oct 30, 2021.
             The game lasted 02:06:36 (11403 turns).

hypoxyphilia the Purveyor of Pain (VpNe)           Turns: 11403, Time: 02:06:37

Health: -3/31      AC:  7    Str:  7      XL:     8   Next: 26%
Magic:  14/15      EV: 10    Int: 25      God:    Kikubaaqudgha [......]
Gold:   1339       SH:  3    Dex: 14 (15) Spells: 3/17 levels left

rFire    x . .     SeeInvis +   z - +2 dagger (protect)
rCold    + + +     Faith    .   E - +0 buckler
rNeg     + + +     Spirit   .   f - +0 ring mail
rPois    ∞         Reflect  .   A - +0 helmet
rElec    .         Harm     .   (no cloak)
rCorr    .         Rampage  .   B - +0 pair of gloves
Will     .....                  (no boots)
Stlth    +++++.....             d - amulet of magic regeneration
HPRegen  0.00/turn              b - ring of ice
MPRegen  0.39/turn              t - +6 ring of intelligence

@: bloodless, inhibited regen
A: bloodless, fangs 3, see invisible, vampiric 2, [frail 2]
a: Bat Form, Revivify, Renounce Religion


You were on level 10 of the Dungeon.
You worshipped Kikubaaqudgha.
Kikubaaqudgha was noncommittal.
You visited 2 branches of the dungeon, and saw 9 of its levels.

You collected 1419 gold pieces.
You spent 80 gold pieces at shops.

Inventory:

Hand Weapons
 x - a +1 dagger of venom
 y - a +0 hunting sling
 z - a +2 dagger of protection (weapon)
Missiles
 c - 246 stones
 n - 7 atropa-tipped darts
 v - 19 poisoned darts (quivered)
 D - 2 throwing nets
Armour
 f - a +0 ring mail (worn)
 w - a +0 leather armour
 A - a +0 helmet (worn)
 B - a +0 pair of gloves (worn)
 E - a +0 buckler (worn)
Jewellery
 b - a ring of ice (left hand)
 d - an amulet of magic regeneration (around neck)
 h - a ring of flight
 t - a +6 ring of intelligence (right hand)
Wands
 p - a wand of flame (7)
Scrolls
 a - 2 scrolls of immolation
 k - a scroll of teleportation
 o - 2 scrolls of magic mapping
 r - a scroll of blinking {unknown}
 u - 3 scrolls of fog
Potions
 e - a potion of haste
 g - 2 potions of flight
 i - a potion of attraction
 j - 2 potions of might
 m - 7 potions of curing
 s - 3 potions of heal wounds
 C - a potion of invisibility


   Skills:
 - Level 3.7 Dodging
 + Level 7.6 Stealth
 + Level 5.1 Spellcasting
 * Level 8.4 Necromancy


You had 3 spell levels left.
You knew the following spells:

 Your Spells              Type           Power      Damage    Failure   Level
a - Pain                  Necr           100%       1d9       1%          1
b - Animate Skeleton      Necr           96%        N/A       1%          1
c - Vampiric Draining     Necr           24%        2d9       4%          3
d - Animate Dead          Necr           24%        N/A       14%         4
e - Agony                 Necr           48%        N/A       38%         5

Your spell library contained the following spells:

 Spells                   Type           Power      Damage    Failure   Level
 Foxfire                  Conj/Fire      24%        2x1d5     43%         1
 Stone Arrow              Conj/Erth      12%        3d7       82%         3
 Animate Armour           Summ/Erth      12%        N/A       99%         4
 Bolt of Magma            Conj/Fire/Erth 3%         4d5       100%        5
 Conjure Ball Lightning   Conj/Air       3%         3x3d6     100%        6
 Monstrous Menagerie      Summ           3%         N/A       100%        7
 Summon Hydra             Summ           3%         N/A       100%        7
 Lehudib's Crystal Spear  Conj/Erth      3%         10d2      100%        8


Dungeon Overview and Level Annotations

Branches:
Dungeon (7/15)             Temple (1/1) D:7

Altars:
Ashenzari
Cheibriados
Dithmenos
Elyvilon
Gozag
Hepliaklqana
Kikubaaqudgha
Makhleb
Nemelex Xobeh
Okawaru
Qazlal
Sif Muna
Trog
Uskayaw
Wu Jian
Xom
Yredelemnul

Shops:
D:1 !

Annotations:
D:4 1 runed translucent door, exclusion: ogre, Crazy Yiuf
D:5 exclusion: downstairs, Sigmund
D:7 exclusions: black bear and killer bee, Dowan


Innate Abilities, Weirdness & Mutations

You do not regenerate when monsters are visible.
You are frail without blood (-20% HP).
You can heal yourself when you bite living creatures.
You are immune to poison.
You have razor-sharp teeth.
You have supernaturally acute eyesight. (SInv)
You are afflicted with vampirism and can become a bat while bloodless.
[You are very frail. (-20% HP)]


Message History

Your hands burn!
The jelly is almost dead.
The jelly hits you but does no damage.
Casting: Pain (safe; 1% risk of failure)
Confirm with . or Enter, or press ? or * to list all spells.
Aiming: Vampiric Draining (dangerous; 4% risk of failure)
Press: ? - help, Shift-Dir - straight line, f/p - jelly
Aim: a jelly (almost dead)
You draw life force from the jelly!
You kill the jelly!
Kikubaaqudgha accepts your kill.
You feel life coursing into your body.
You start resting.
HP restored.
You start resting.
Magic restored.
Found a stone staircase leading down.
m - 7 potions of curing (gained 1)
You fall into a shaft and drop 3 floors!
The shaft crumbles and collapses.
A centaur comes into view.
You open the door.
There is an open door here.
The centaur wields a +0 shortbow.
The centaur shoots an arrow.
The arrow barely misses you.
The centaur shoots an arrow.
The arrow hits you but does no damage.
The centaur shoots an arrow.
The arrow hits you.
There is an open door here.
The centaur shoots an arrow.
The arrow hits you!
The centaur shoots an arrow.
The arrow hits you!
* * * LOW HITPOINT WARNING * * *
The centaur shoots an arrow.
The arrow hits you but does no damage.
There is an open door here.
Casting: Vampiric Draining (dangerous; 4% risk of failure)
Confirm with . or Enter, or press ? or * to list all spells.
Aiming: Pain (safe; 1% risk of failure)
Press: ? - help, Shift-Dir - straight line, f - centaur
Aim: a centaur, wielding a +0 shortbow and quivering arrows (chance to affect: 84%)
The centaur writhes in agony!
The centaur shoots an arrow.
The arrow hits you!
You die...
Kikubaaqudgha rasps: "You have failed me!
Welcome... oblivion!"

####.#.. ....#c#
...#.######
#.##......#
#.#######.##......#
+.........c.......#
.#.....#.##......#
^.^.....'.##......#
#+##....#@##......#
###..####......#
##.# #......# #.#
#......# ###
#......# #.######


You could see a centaur.

Vanquished Creatures
  Menkaure (D:7)
  An ice beast (D:5)
  A sky beast (D:6)
  2 bullfrogs
  4 scorpions
  A wight (D:6)
  A jelly (D:7)
  A centaur zombie (D:5)
  2 orc priests
  A bullfrog skeleton (D:7)
  A centaur skeleton (D:5)
  3 iguanas
  2 orc wizards
  2 hound skeletons
  A howler monkey zombie (D:6)
  Robin (D:4)
  10 adders
  A shadow imp (D:4)
  2 dart slugs (D:2)
  3 worms
  15 orcs
  11 endoplasms
  2 giant cockroaches
  21 goblins
  6 hobgoblins
  A jackal (D:4)
  4 quokkas
  8 ball pythons
  6 bats
  A frilled lizard (D:3)
  8 kobolds
  3 rats
127 creatures vanquished.

Vanquished Creatures (collateral kills)
  An adder skeleton (D:4)
  An orc (D:5)
  2 endoplasms
  3 goblins (D:4)
  A hobgoblin (D:2)
  2 jackals (D:4)
10 creatures vanquished.

Vanquished Creatures (others)
  15 fungi
  14 plants (D:10)
29 creatures vanquished.

Grand Total: 166 creatures vanquished

Notes
Turn   | Place    | Note
-------+----------+-------------------------------------------
     0 | D:1      | hypoxyphilia the Vampire Necromancer began the quest for
                  | the Orb.
     0 | D:1      | Reached XP level 1. HP: 13/13 MP: 3/3
   350 | D:1      | Learned a level 1 spell: Animate Skeleton
   443 | D:1      | Reached XP level 2. HP: 17/19 MP: 0/5
   828 | D:1      | Found Jeageena's Distillery.
  1221 | D:1      | Gained mutation: You are afflicted with vampirism and can
                  | become a bat while bloodless. [Vampire growth]
  1221 | D:1      | Reached XP level 3. HP: 24/24 MP: 4/6
  1225 | D:1      | Learned a level 3 spell: Vampiric Draining
  2134 | D:2      | Reached skill level 5 in Necromancy
  2368 | D:2      | Reached XP level 4. HP: 24/30 MP: 1/8
  2437 | D:2      | Learned a level 4 spell: Animate Dead
  2532 | D:2      | Found a faded altar of an unknown god.
  3395 | D:1      | Bought a potion of curing for 30 gold pieces
  3395 | D:1      | Bought a potion of heal wounds for 50 gold pieces
  3478 | D:3      | Found a snail-covered altar of Cheibriados.
  3529 | D:3      | Reached XP level 5. HP: 32/35 MP: 3/10
  5051 | D:3      | Reached skill level 6 in Necromancy
  5051 | D:3      | Reached XP level 6. HP: 40/41 MP: 4/11
  5375 | D:4      | Reached skill level 5 in Stealth
  5547 | D:4      | Noticed Robin
  5605 | D:4      | Killed Robin
  6746 | D:4      | Found a runed translucent door.
  6747 | D:4      | Noticed Crazy Yiuf
  6851 | D:5      | Entered Level 5 of the Dungeon
  6932 | D:5      | Noticed an ice beast
  7115 | D:5      | Reached XP level 7. HP: 42/46 MP: 13/13
  7125 | D:5      | Learned a level 5 spell: Agony
  8032 | D:5      | Noticed Sigmund
  8698 | D:5      | Reached skill level 7 in Necromancy
  9226 | D:6      | Got Sif Muna's Almanac of the Escort and the Arsonist
  9824 | D:6      | Noticed a wraith
 10138 | D:6      | Got Sif Muna's Catalogue of the Harmful Escort
 10379 | D:6      | Reached skill level 8 in Necromancy
 10379 | D:6      | Reached XP level 8. HP: 27/36 MP: 6/15
 10751 | D:6      | Reached skill level 5 in Spellcasting
 10936 | D:7      | Found a staircase to the Ecumenical Temple.
 10948 | Temple   | Entered the Ecumenical Temple
 10955 | Temple   | Became a worshipper of Kikubaaqudgha
 11179 | D:7      | Noticed Menkaure
 11187 | D:7      | Killed Menkaure
 11255 | D:7      | Identified a scroll of acquirement
 11256 | D:7      | Acquired 1148 gold pieces
 11272 | D:7      | Noticed Dowan
 11384 | D:7      | You fall into a shaft and drop 3 floors!
 11384 | D:10     | Entered Level 10 of the Dungeon
 11403 | D:10     | Shot with an arrow by a centaur

Illustrated notes

Levels and vault maps discovered:
D:1:      dpeg_arrival_connections, layout_basic, serial_shops, shop,
          minmay_bisected
D:2:      layout_loops_ring, hellmonk_ecumenical_altar_prayer_group
D:3:      layout_rooms, lemuel_tele_altar, hangedman_decor_diamond_cutter,
          minmay_misc_feat_ornament, kennysheep_small_spiral, chequers_garden
D:4:      kennysheep_goblin_castle, layout_layer_cave,
          mainiacjoe_overflow_cross_hatched, uniq_crazy_yiuf_cottage
D:5:      layout_loops_corners, minivault_27, grunt_ministairs_11, uniq_sigmund
D:6:      layout_basic
D:7:      layout_rooms, gammafunk_temple_overflow_pools,
          minmay_temple_entry_antechambers, nrook_uturn, corexii_hall_statues_i,
          interstate_on_off, uniq_duvessa, uniq_prince_ribbit1, uniq_menkaure
D:10:     layout_basic, vehumet_statue, tgw_fedhas, due_lair_maze_entry_diamond,
          serial_shops, nicolae_square_shop, hellmonk_guarded_unrand_gong,
          uniq_harold
Temple:   nicolae_temple_no_exploring_needed

Skill      XL: |  1  2  3  4  5  6  7  8 |
---------------+-------------------------+-----
Spellcasting   | 3 4 5 |  5.1
Necromancy     | 5 6 8 |  8.4
Stealth        | 4 5 7 |  7.6
Dodging        | 3 |  3.7

Action                   |  1- 3 |  4- 6 |  7- 9 || total
-------------------------+-------+-------+-------++-------
Melee: Dagger            |     1 |    60 |    78 ||   139
       Short sword       |    28 |    34 |       ||    62
       Bite              |     1 |    13 |     6 ||    20
 Fire: Hunting sling     |       |     5 |     5 ||    10
Throw: Stone             |    13 |    19 |       ||    32
       Dart              |       |    18 |    24 ||    42
 Cast: Pain              |    55 |    88 |    14 ||   157
       Animate Skeleton  |    11 |       |       ||    11
       Vampiric Draining |     4 |    14 |    16 ||    34
       Animate Dead      |       |    20 |     5 ||    25
 Abil: Exsanguinate      |       |       |     3 ||     3
       Revivify          |       |       |     2 ||     2
       End Transformatio |       |       |     1 ||     1
       Bat Form          |       |       |     1 ||     1
Evoke: Wand              |       |     4 |    12 ||    16
  Use: Scroll            |       |     8 |     5 ||    13
 Stab: Sleeping          |     2 |     1 |     4 ||     7
Armor: Robe              |     6 |     4 |       ||    10
       Leather armour    |       |     8 |    16 ||    24
       Ring mail         |       |    22 |    29 ||    51
Dodge: Dodged            |    19 |    73 |    48 ||   140
Block: Buckler           |       |       |     1 ||     1
